3AA
LONG ISLAND SEAWOLVES @ VIRGINIA BEACH DEUCES
07/27/2027
 
TOP OF THE 1ST
Long Island Seawolves batting - Pitching for Virginia Beach Deuces : LHP Miguel López
Pitching: LHP Miguel López
Batting: RHB Abad Lugo 0-0: Ball
1-0: Called Strike
1-1: Foul Ball, location: 2F
1-2: Ball
2-2: Foul Ball, location: 2F
2-2: Foul Ball, location: 2F
2-2: Ball
3-2: Base on Balls
Batting: LHB Pedro Colón 0-0: Foul Ball, location: 2F
0-1: Ball
1-1: 2-RUN HOME RUN (Flyball, 8RXD), Distance : 438 ft
Batting: RHB Max Berman 0-0: SINGLE (Groundball, 4D)
Batting: RHB Rob McGinnity 0-0: Called Strike
0-1: Ball
1-1: Ball
2-1: Ball
3-1: Foul Ball, location: 2F
3-2: Strikes out swinging
Batting: LHB Govaart Pleijt 0-0: Swinging Strike
0-1: Foul Ball, location: 2F
0-2: Ground out 6-3 (Groundball, 6S)
Max Berman to second
Batting: RHB Alfredo Escalante 0-0: Called Strike
Max Berman steals 3rd base
0-1: Foul Ball, location: 2F
0-2: SINGLE (Line Drive, 7S)
Max Berman scores
Batting: RHB Sheldon Deshotels 0-0: Called Strike
0-1: Called Strike
0-2: Foul Ball, location: 2F
0-2: Strikes out swinging
Top of the 1st over - 3 run(s), 3 hit(s), 0 error(s), 1 left on base; Long Island 3 - Virginia Beach 0
BOTTOM OF THE 1ST
Virginia Beach Deuces batting - Pitching for Long Island Seawolves : RHP Miguel Ramírez
Pitching: RHP Miguel Ramírez
Batting: RHB Reg Spiers 0-0: Called Strike
0-1: Reached on error, E6 (Groundball, 6)
Batting: RHB Júlio Becerra 0-0: Ball
1-0: Called Strike
1-1: SINGLE (Line Drive, 4MD)
Reg Spiers to second
Batting: RHB Zander Bailey 0-0: Called Strike
0-1: Ball
Reg Spiers steals 3rd base
Júlio Becerra to second
1-1: Called Strike
1-2: Ball
2-2: Foul Ball, location: 2F
2-2: Foul Ball, location: 2F
2-2: DOUBLE (Line Drive, 7LM)
Reg Spiers scores
Júlio Becerra scores
Batting: LHB Atílio Mansilhas 0-0: Called Strike
0-1: Ball
1-1: Fly out, F9 (Flyball, 9S)
Batting: SHB Carlos Pérez 0-0: Ball
1-0: Ball
2-0: SINGLE (Flyball, 7S)
Zander Bailey to third
Batting: RHB Dennis Dudash 0-0: Swinging Strike
0-1: Called Strike
0-2: Strikes out looking
Batting: RHB Rodney Dudley 0-0: Ball
1-0: Ball
2-0: Ball
3-0: Base on Balls
Carlos Pérez to second
Batting: RHB Raleigh Delaney 0-0: Ball
1-0: Ball
2-0: Foul Ball, location: 2F
2-1: GRAND SLAM HOME RUN (Flyball, 7D), Distance : 414 ft
Batting: RHB James Hill 0-0: Ground out 1-3 (Groundball, 15S)
Bottom of the 1st over - 6 run(s), 4 hit(s), 1 error(s), 0 left on base; Long Island 3 - Virginia Beach 6
TOP OF THE 2ND
Long Island Seawolves batting - Pitching for Virginia Beach Deuces : LHP Miguel López
Batting: RHB Andrés Aguilar 0-0: Called Strike
0-1: Ground out 5-3 (Groundball, 56)
Batting: RHB José Orihvela 0-0: Swinging Strike
0-1: Ball
1-1: Called Strike
1-2: Strikes out looking
Batting: RHB Abad Lugo 0-0: Ball
1-0: Called Strike
1-1: Called Strike
1-2: Ground out 5-3 (Groundball, 5)
Top of the 2nd over - 0 run(s), 0 hit(s), 0 error(s), 0 left on base; Long Island 3 - Virginia Beach 6
BOTTOM OF THE 2ND
Virginia Beach Deuces batting - Pitching for Long Island Seawolves : RHP Miguel Ramírez
Batting: RHB Reg Spiers 0-0: Called Strike
0-1: Ball
1-1: Swinging Strike
1-2: Ball
2-2: Foul Ball, location: 2F
2-2: Strikes out swinging, 2-3 out at first.
Batting: RHB Júlio Becerra 0-0: Ball
1-0: Ball
2-0: Ball
3-0: Called Strike
3-1: Foul Ball, location: 2F
3-2: Fly out, F9 (Flyball, 9LS)
Batting: RHB Zander Bailey 0-0: Ball
1-0: Ball
2-0: Ball
3-0: Base on Balls
Batting: LHB Atílio Mansilhas 0-0: Ball
1-0: Foul Ball, location: 2F
1-1: Called Strike
1-2: Fly out, F7 (Flyball, 7LMF)
Bottom of the 2nd over - 0 run(s), 0 hit(s), 0 error(s), 1 left on base; Long Island 3 - Virginia Beach 6
TOP OF THE 3RD
Long Island Seawolves batting - Pitching for Virginia Beach Deuces : LHP Miguel López
Batting: LHB Pedro Colón 0-0: Ball
1-0: Ball
2-0: Foul Ball, location: 2F
2-1: Ball
3-1: Foul Ball, location: 2F
3-2: Fly out, F4 (Popup, 34)
Batting: RHB Max Berman 0-0: Ball
1-0: Ball
2-0: Called Strike
2-1: DOUBLE (Line Drive, 9LM)
Batting: RHB Rob McGinnity 0-0: Ball
1-0: Called Strike
1-1: Swinging Strike
1-2: Foul Ball, location: 2F
1-2: Strikes out swinging
Batting: LHB Govaart Pleijt 0-0: Foul Ball, location: 2F
0-1: Swinging Strike
0-2: Strikes out swinging
Top of the 3rd over - 0 run(s), 1 hit(s), 0 error(s), 1 left on base; Long Island 3 - Virginia Beach 6
BOTTOM OF THE 3RD
Virginia Beach Deuces batting - Pitching for Long Island Seawolves : RHP Miguel Ramírez
Batting: SHB Carlos Pérez 0-0: Ball
1-0: Foul Ball, location: 2F
1-1: Ball
2-1: Foul Ball, location: 2F
2-2: Foul Ball, location: 2F
2-2: Strikes out swinging
Batting: RHB Dennis Dudash 0-0: Called Strike
0-1: Ground out 5-3 (Groundball, 56)
Batting: RHB Rodney Dudley 0-0: Swinging Strike
0-1: Called Strike
0-2: Foul Ball, location: 2F
0-2: Foul Ball, location: 2F
0-2: Ball
1-2: Foul Ball, location: 2F
1-2: Strikes out swinging
Bottom of the 3rd over - 0 run(s), 0 hit(s), 0 error(s), 0 left on base; Long Island 3 - Virginia Beach 6
TOP OF THE 4TH
Long Island Seawolves batting - Pitching for Virginia Beach Deuces : LHP Miguel López
Batting: RHB Alfredo Escalante 0-0: Called Strike
0-1: Swinging Strike
0-2: Foul Ball, location: 2F
0-2: Ball
1-2: Fly out, F8 (Flyball, 8LS)
Batting: RHB Sheldon Deshotels 0-0: Fly out, F3 (Popup, 3S)
Batting: RHB Andrés Aguilar 0-0: Called Strike
0-1: Called Strike
0-2: Ground out 3-1 (Groundball, 34S)
Top of the 4th over - 0 run(s), 0 hit(s), 0 error(s), 0 left on base; Long Island 3 - Virginia Beach 6
BOTTOM OF THE 4TH
Virginia Beach Deuces batting - Pitching for Long Island Seawolves : RHP Miguel Ramírez
Batting: RHB Raleigh Delaney 0-0: Fly out, F7 (Flyball, 7S)
Batting: RHB James Hill 0-0: Foul Ball, location: 2F
0-1: Ball
1-1: Called Strike
1-2: Ball
2-2: Foul Ball, location: 2F
2-2: Ball
3-2: SINGLE (Line Drive, 4D)
Batting: RHB Reg Spiers 0-0: Ball
1-0: Fly out, F9 (Flyball, 9LMF)
Batting: RHB Júlio Becerra 0-0: Ball
1-0: SINGLE (Line Drive, 7LS)
James Hill to second
Batting: RHB Zander Bailey 0-0: Called Strike
0-1: DOUBLE (Line Drive, 78XD)
James Hill scores
Júlio Becerra to third
Runner from 3rd tries for Home, SAFE, no throw
Pitching: LHP Ryan York
Batting: LHB Atílio Mansilhas 0-0: Called Strike
0-1: Ball
1-1: Swinging Strike
1-2: Foul Ball, location: 2F
1-2: Foul Ball, location: 2F
1-2: Strikes out looking
Bottom of the 4th over - 2 run(s), 3 hit(s), 0 error(s), 1 left on base; Long Island 3 - Virginia Beach 8
TOP OF THE 5TH
Long Island Seawolves batting - Pitching for Virginia Beach Deuces : LHP Miguel López
Batting: RHB José Orihvela 0-0: Called Strike
0-1: Ground out 6-3 (Groundball, 56)
Batting: RHB Abad Lugo 0-0: Ground out 6-3 (Groundball, 6)
Batting: LHB Pedro Colón 0-0: Ball
1-0: Swinging Strike
1-1: Called Strike
1-2: Ball
2-2: Fly out, F7 (Flyball, 7LM)
Top of the 5th over - 0 run(s), 0 hit(s), 0 error(s), 0 left on base; Long Island 3 - Virginia Beach 8
BOTTOM OF THE 5TH
Virginia Beach Deuces batting - Pitching for Long Island Seawolves : LHP Ryan York
Batting: SHB Carlos Pérez 0-0: Foul Ball, location: 2F
0-1: Ball
1-1: Ball
2-1: Ball
3-1: Foul Ball, location: 2F
3-2: Base on Balls
Batting: RHB Dennis Dudash 0-0: Called Strike
0-1: 2-RUN HOME RUN (Flyball, 7LD), Distance : 386 ft
Batting: RHB Rodney Dudley 0-0: Called Strike
0-1: Called Strike
0-2: Strikes out swinging
Batting: RHB Raleigh Delaney 0-0: Called Strike
0-1: Foul Ball, location: 2F
0-2: Ball
1-2: Strikes out swinging
Batting: RHB James Hill 0-0: Ball
1-0: Ball
2-0: Called Strike
2-1: Foul Ball, location: 2F
2-2: Foul Ball, location: 2F
2-2: Foul Ball, location: 2F
2-2: Foul Ball, location: 2F
2-2: SINGLE (Groundball, 5D)
Batting: RHB Reg Spiers 0-0: Ball
1-0: Foul Ball, location: 2F
1-1: Swinging Strike
1-2: Strikes out swinging
Bottom of the 5th over - 2 run(s), 2 hit(s), 0 error(s), 1 left on base; Long Island 3 - Virginia Beach 10
TOP OF THE 6TH
Long Island Seawolves batting - Pitching for Virginia Beach Deuces : LHP Miguel López
Batting: RHB Max Berman 0-0: Called Strike
0-1: Ball
1-1: Foul Ball, location: 2F
1-2: Strikes out looking
Batting: RHB Rob McGinnity 0-0: Called Strike
0-1: Called Strike
0-2: Ground out 6-3 (Groundball, 6)
Batting: LHB Govaart Pleijt 0-0: Called Strike
0-1: Ball
1-1: Ball
2-1: Foul Ball, location: 2F
2-2: SINGLE (Groundball, 6D)
Batting: RHB Alfredo Escalante 0-0: Swinging Strike
0-1: Ball
1-1: Swinging Strike
1-2: SINGLE (Line Drive, 78S)
Govaart Pleijt to second
Batting: RHB Sheldon Deshotels 0-0: Foul Ball, location: 2F
0-1: SINGLE (Groundball, 25) (infield hit)
Govaart Pleijt to third
Alfredo Escalante to second
Batting: RHB Andrés Aguilar 0-0: Swinging Strike
0-1: Ball
1-1: Swinging Strike
1-2: Fielders Choice at 2nd, 5-4 (Groundball, 56)
Top of the 6th over - 0 run(s), 3 hit(s), 0 error(s), 2 left on base; Long Island 3 - Virginia Beach 10
BOTTOM OF THE 6TH
Virginia Beach Deuces batting - Pitching for Long Island Seawolves : LHP Ryan York
Batting: RHB Júlio Becerra 0-0: Called Strike
0-1: Fly out, F7 (Line Drive, 78M)
Batting: RHB Zander Bailey 0-0: SINGLE (Groundball, 3D)
Batting: LHB Atílio Mansilhas 0-0: SINGLE (Flyball, 8RS)
Zander Bailey to second
Batting: SHB Carlos Pérez 0-0: Foul Ball, location: 2F
0-1: Foul Ball, location: 2F
0-2: Ball
1-2: Ball
2-2: Foul Ball, location: 2F
2-2: Ball
3-2: SINGLE (Flyball, 78S)
Zander Bailey to third
Atílio Mansilhas to second
Batting: RHB Dennis Dudash 0-0: Ball
1-0: Called Strike
1-1: Ball
2-1: Foul Ball, location: 2F
2-2: Strikes out looking
Batting: RHB Rodney Dudley 0-0: Called Strike
0-1: Ball
1-1: Swinging Strike
1-2: SINGLE (Groundball, 56D)
Zander Bailey scores
Atílio Mansilhas to third
Carlos Pérez to second
Runner from 3rd tries for Home, SAFE, no throw
Pitching: RHP Alan McKinney
Batting: RHB Raleigh Delaney 0-0: SINGLE (Line Drive, 6MD)
Carlos Pérez to third
Rodney Dudley to second
Batting: RHB James Hill 0-0: Ball
1-0: Swinging Strike
1-1: Swinging Strike
1-2: Strikes out swinging
Bottom of the 6th over - 2 run(s), 5 hit(s), 0 error(s), 3 left on base; Long Island 3 - Virginia Beach 12
TOP OF THE 7TH
Long Island Seawolves batting - Pitching for Virginia Beach Deuces : LHP Miguel López
Batting: RHB José Orihvela 0-0: Ball
1-0: Swinging Strike
1-1: Ball
2-1: Ball
3-1: Base on Balls
Pitching: RHP Teddy Perkins
Batting: RHB Abad Lugo 0-0: Ball
1-0: Ball
2-0: Hit by Pitch
José Orihvela to second
Batting: LHB Pedro Colón 0-0: Called Strike
José Orihvela steals 3rd base
Abad Lugo to second
0-1: Ball
1-1: Foul Ball, location: 2F
1-2: Fly out, F8 (Flyball, 8RS)
Batting: RHB Max Berman 0-0: Ball
1-0: Ball
2-0: Ball
3-0: Foul Ball, location: 2F
3-1: Called Strike
3-2: Strikes out looking
Batting: RHB Rob McGinnity 0-0: Called Strike
0-1: Swinging Strike
0-2: Ball
1-2: Strikes out swinging
Top of the 7th over - 0 run(s), 0 hit(s), 0 error(s), 2 left on base; Long Island 3 - Virginia Beach 12
BOTTOM OF THE 7TH
Virginia Beach Deuces batting - Pitching for Long Island Seawolves : RHP Alan McKinney
Batting: RHB Reg Spiers 0-0: Ball
1-0: Ball
2-0: Swinging Strike
2-1: Foul Ball, location: 2F
2-2: Fly out, F8 (Flyball, 8RS)
Batting: RHB Júlio Becerra 0-0: Called Strike
0-1: Ball
1-1: Fly out, F7 (Flyball, 78M)
Batting: RHB Zander Bailey 0-0: Called Strike
0-1: Ball
1-1: SINGLE (Groundball, 4MD)
Batting: LHB Atílio Mansilhas 0-0: Fielders Choice at 2nd, 4-6 (Groundball, 4)
Bottom of the 7th over - 0 run(s), 1 hit(s), 0 error(s), 0 left on base; Long Island 3 - Virginia Beach 12
TOP OF THE 8TH
Long Island Seawolves batting - Pitching for Virginia Beach Deuces : RHP Teddy Perkins
Batting: LHB Govaart Pleijt 0-0: Called Strike
0-1: Called Strike
0-2: Ball
1-2: Strikes out swinging
Batting: RHB Alfredo Escalante 0-0: Called Strike
0-1: Ball
1-1: Swinging Strike
1-2: Ball
2-2: Foul Ball, location: 2F
2-2: Ground out 6-3 (Groundball, 6)
Batting: RHB Sheldon Deshotels 0-0: Ball
1-0: Called Strike
1-1: Foul Ball, location: 2F
1-2: Strikes out swinging
Top of the 8th over - 0 run(s), 0 hit(s), 0 error(s), 0 left on base; Long Island 3 - Virginia Beach 12
BOTTOM OF THE 8TH
Virginia Beach Deuces batting - Pitching for Long Island Seawolves : RHP Alan McKinney
Batting: SHB Carlos Pérez 0-0: Ball
1-0: Ball
2-0: Foul Ball, location: 2F
2-1: Ball
3-1: Base on Balls
Batting: RHB Dennis Dudash 0-0: Foul Ball, location: 2F
0-1: Ball
1-1: Called Strike
1-2: Ball
2-2: SINGLE (Groundball, 34D)
Carlos Pérez to second
Runner from 2nd tries for 3rd, SAFE, throw made to third
Batting: RHB Rodney Dudley 0-0: Ball
1-0: Foul Ball, location: 2F
1-1: Foul Ball, location: 2F
1-2: Ball
Error on foul ball, E3
2-2: SINGLE (Line Drive, 89S)
Carlos Pérez scores
Dennis Dudash to second
Batting: RHB Raleigh Delaney 0-0: Ball
1-0: Foul Ball, location: 2F
1-1: SINGLE (Groundball, 56S) (infield hit)
Dennis Dudash to third
Rodney Dudley to second
Batting: RHB James Hill 0-0: SINGLE (Groundball, 56D)
Dennis Dudash scores
Rodney Dudley to third
Raleigh Delaney to second
Batting: RHB Reg Spiers 0-0: Ball
1-0: Ball
2-0: Swinging Strike
2-1: Ball
3-1: Base on Balls
Rodney Dudley scores
Raleigh Delaney to third
James Hill to second
Batting: RHB Júlio Becerra 0-0: Fly out, F8 (Flyball, 78M)
Runner from 3rd tags up, SCORES, no throw
Batting: RHB Zander Bailey 0-0: Called Strike
0-1: Ground out 6-3 (Groundball, 6MD)
James Hill to third
Reg Spiers to second
Batting: LHB Atílio Mansilhas 0-0: Fly out, F7 (Flyball, 7S)
Bottom of the 8th over - 4 run(s), 4 hit(s), 1 error(s), 2 left on base; Long Island 3 - Virginia Beach 16
TOP OF THE 9TH
Long Island Seawolves batting - Pitching for Virginia Beach Deuces : RHP Teddy Perkins
Now at C: Salvadaro Meireles
Now in CF: Gabriel Pittman
Batting: RHB Andrés Aguilar 0-0: Ball
1-0: Ball
2-0: Called Strike
2-1: Foul Ball, location: 2F
2-2: Fly out, F9 (Flyball, 9LSF)
Batting: RHB José Orihvela 0-0: Foul Ball, location: 2F
0-1: Ball
1-1: Ball
2-1: Ground out 4-3 (Groundball, 34)
Batting: RHB Abad Lugo 0-0: Called Strike
0-1: Called Strike
0-2: Ball
1-2: DOUBLE (Line Drive, 78M)
Batting: LHB Pedro Colón 0-0: Ball
1-0: Called Strike
1-1: Ball
2-1: Fly out, F8 (Flyball, 78M)
Top of the 9th over - 0 run(s), 1 hit(s), 0 error(s), 1 left on base; Long Island 3 - Virginia Beach 16
Saturday, May 26th, 2018 - OOTP Baseball 17.12 Build 75